cohdb
Replays
Latest Replays
All Replays
Popular Replays
Top Player Replays
Match Explorer
How It Works
Community
CoH3 Stats
Reddit
Sign in to upload your games and track your stats! →
Sign in with Steam
Match 42720665
Unlisted
Match 42720665
Overview
Messages
Build Orders
End
Royal Engineer Section
Construct Section Command Post
Dingo Light Scout Car
Dingo Light Scout Car
Infantry Section
Construct Platoon Command Post
Selects Air and Sea Battlegroup
Selects Supply Surplus
Construct Resource Cache
Construct Resource Cache
Humber Armored Car
Construct Resource Cache
Selects Commando Section Paradrop
Unlock M3 Stuart Light Tanks
Selects Commando Support Section Paradrop
M3 Stuart Light Tank
Commando Support Section Paradrop
M3 Stuart Light Tank
Royal Engineer Section
Vickers Machine Gun Team
M3 Stuart Light Tank
Construct Company Command Post
Construct Resource Cache
Foot Guards Section
Matilda II Heavy Tank
Selects Anti-tank Rocket Loiter
Selects UNKNOWN (223837)
Crusader II Medium Tank
Foot Guards Section
Armored Vehicle Training
Unlock Towed 17-pounder Anti-tank Guns
Commando Section Paradrop
3nder
PAX AJAX
Cool Whhip
.
0
0
Comments
sign in to comment!
No comments posted yet!